 Dungeon Crawl Stone Soup version 0.23-a0-150-g7664ed78f7 (webtiles) character file.

1071 Flugkiller the Archer (level 8, -2/71 HPs)
             Began as a Centaur Arcane Marksman on Sept 7, 2018.
             Was a Follower of Zin.
             Slain by a bullfrog (3 damage)
             ... on level 5 of the Dungeon.
             The game lasted 00:22:11 (9419 turns).

Flugkiller the Archer (Centaur Arcane Marksman)     Turns: 9419, Time: 00:22:12

Health: -2/71      AC:  8    Str: 16    XL:     8   Next: 7%
Magic:  10/10      EV:  4    Int: 12    God:    Zin [*.....]
Gold:   218        SH:  0    Dex:  9    Spells: 8/9 levels left

rFire    . . .     SeeInvis .   c - +1 short sword
rCold    + . .     Gourm    .   (no shield)
rNeg     . . .     Faith    .   i - +1 chain mail {rC+}
rPois    .         Spirit   .   (no helmet)
rElec    .         Reflect  .   (no cloak)
rCorr    .         Harm     .   (no gloves)
MR       .....                  (no barding)
Stlth    ..........             (no amulet)
HPRegen  0.21/turn              (no ring)
MPRegen  0.12/turn              (no ring)

@: berserk cooldown, slowed
A: large, hooves 3, deformed body, speed 2, tough skin 3
a: Recite, Donate Gold, Renounce Religion


You were on level 5 of the Dungeon.
You worshipped Zin.
Zin was aware of your devotion.
You were not hungry.

You visited 2 branches of the dungeon, and saw 7 of its levels.

You collected 242 gold pieces.
You donated 24 gold pieces to Zin.

Inventory:

Hand Weapons
 a - a +0 shortbow
 c - a +1 short sword (weapon)
 m - a +1 hunting sling of flaming
Missiles
 d - 145 arrows
 x - a throwing net (quivered)
Armour
 e - a +0 robe
 i - a +1 chain mail of cold resistance (worn)
 q - a +0 ring mail
Jewellery
 w - an uncursed ring of positive energy {unknown}
Wands
 b - a wand of enslavement (7)
 y - a wand of flame (35)
Scrolls
 h - a scroll of fear {unknown}
 k - 3 scrolls of amnesia
 l - 2 scrolls of enchant weapon
 n - a scroll of fog {unknown}
 p - a scroll of blinking {unknown}
 t - a scroll of remove curse {unknown}
Potions
 j - a potion of resistance
 o - a potion of mutation
 s - a potion of flight
 u - a potion of brilliance
Comestibles
 f - 3 rations
 r - 2 chunks of flesh


   Skills:
 + Level 6.4 Fighting
 + Level 8.7 Bows
 - Level 1.3 Dodging
 - Level 1.0 Spellcasting
 - Level 2.6 Hexes
 + Level 2.7 Invocations


You had 8 spell levels left.
You knew the following spells:

 Your Spells              Type           Power        Failure   Level  Hunger
a - Corona                Hex            #......      91%         1    ##.....

Your spell library contained the following spells:

 Spells                   Type           Power        Failure   Level  Hunger
 Slow                     Hex            #.......     97%         2    ###....
 Magic Dart               Conj           #...         99%         1    ##.....
 Blink                    Tloc           N/A          100%        2    ###....
 Call Imp                 Summ           #.......     100%        2    ###....
 Conjure Flame            Conj/Fire      #.......     100%        3    ####...
 Inner Flame              Hex/Fire       #.......     100%        3    ####...
 Mephitic Cloud           Conj/Pois/Air  #.......     100%        3    ####...
 Portal Projectile        Hex/Tloc       #.....       100%        3    ####...
 Cause Fear               Hex            #.........   100%        4    #####..
 Leda's Liquefaction      Hex/Erth       #.........   100%        4    #####..


Dungeon Overview and Level Annotations

Branches:
Dungeon (6/15)             Temple (1/1) D:5

Altars:
Ashenzari
Cheibriados
Dithmenos
Elyvilon
Fedhas
Gozag
Hepliaklqana
Kikubaaqudgha
Makhleb
Nemelex Xobeh
Ru
Trog
Uskayaw
Vehumet
Wu Jian
Xom
Yredelemnul
Zin
The Shining One

Annotations:
D:2 1 runed door, Grinder
D:3 3 runed doors, Fandomethor's ghost, amateur GrFi; P0WERM0DE's ghost, weakling VSFi; Yermak's ghost, weakling OpEE; feta's ghost, amateur GnWn
D:5 Prince Ribbit; Sigmund
D:6 Duvessa


Innate Abilities, Weirdness & Mutations

You have hooves in place of feet.
Armour fits poorly on your strangely shaped body.
You cover ground very quickly.
You have extremely tough skin. (AC +3)


Message History

The bullfrog resists with some effort.
Prince Ribbit hops awkwardly around.
The bullfrog hits you.
* * * LOW HITPOINT WARNING * * *
Prince Ribbit blinks!
The bullfrog hits you but does no damage.
Evoke which item? (* to show all) (? for menu, Esc to quit)
Aiming: Enslavement
Press: ? - help, Shift-Dir - straight line, f/p - Prince Ribbit
Aim: Prince Ribbit (severely wounded, chance to defeat MR: 28%) Prince Ribbit easily resists.
The bullfrog hits you but does no damage. x2
Prince Ribbit hits you but does no damage.
The bullfrog hits you.
* * * LOW HITPOINT WARNING * * *
Unknown command.
Prince Ribbit hits you.
* * * LOW HITPOINT WARNING * * *
The bullfrog hits you.
You die...

..# #..#....# ..#
##.#....# ..# #..###.#
..# ######.###)# ..#
#.).....##.# ..#
#.......##.##########
..#
#...................#
..#
#......F..(########.#
..# #.......@..# #...#.#
### #......F#.[# #.#.#.#
#.......#..# #.#.#.#
#.......#..####.#.#.####
#.......#.>..##.#......#
#.......#....##.#......#
#####.#.#....##.#......#
#.#.#....##.#..F...#
#.#.#....##.#<.....#


You could see Prince Ribbit and a bullfrog.

Vanquished Creatures
  An ice beast (D:4)
  2 phantoms
  2 ogres (D:4)
  2 centaurs (D:5)
  A scorpion (D:5)
  2 hounds
  A bullfrog zombie (D:6)
  An orc priest (D:4)
  An iguana (D:4)
  An orc wizard (D:5)
  Terence (D:1)
  2 worker ants
  A killer bee zombie (D:5)
  A hound skeleton (D:4)
  3 adders
  A shadow imp (D:5)
  An adder zombie (D:6)
  A dart slug (D:1)
  11 orcs
  3 giant cockroaches
  8 goblins
  A hobgoblin (D:1)
  11 jackals
  12 kobolds
  2 quokkas
  10 bats
  4 frilled lizards
  2 gnoll zombies (D:4)
  A jackal skeleton (D:4)
  7 rats
97 creatures vanquished.

Vanquished Creatures (collateral kills)
  A worker ant (D:5)
1 creature vanquished.

Vanquished Creatures (others)
  A centaur skeleton (D:6)
  2 orcs (D:6)
  2 kobolds (D:6)
5 creatures vanquished.

Grand Total: 103 creatures vanquished

Notes
Turn   | Place    | Note
-------+----------+-------------------------------------------
     0 | D:1      | Flugkiller the Centaur Arcane Marksman began the quest for
                  | the Orb.
     0 | D:1      | Reached XP level 1. HP: 16/16 MP: 2/2
   216 | D:1      | Reached skill level 3 in Bows
   431 | D:1      | Reached XP level 2. HP: 20/23 MP: 3/3
   813 | D:2      | Noticed Terence
  1238 | D:1      | Killed Terence
  1238 | D:1      | Reached skill level 4 in Bows
  1238 | D:1      | Reached XP level 3. HP: 29/30 MP: 4/4
  2677 | D:2      | Found a runed door.
  2746 | D:2      | Found a burning altar of Makhleb.
  2746 | D:2      | Noticed a blizzard demon
  2945 | D:3      | Found a runed gate.
  2946 | D:3      | Found a runed gate.
  2947 | D:3      | Found a runed gate.
  2949 | D:3      | Noticed P0WERM0DE's ghost (weakling VSFi)
  2949 | D:3      | Noticed Yermak's ghost (weakling OpEE)
  2949 | D:3      | Noticed feta's ghost (amateur GnWn)
  2965 | D:3      | Noticed Fandomethor's ghost (amateur GrFi)
  3011 | D:2      | Reached XP level 4. HP: 23/37 MP: 5/5
  3139 | D:3      | Noticed Grinder
  3511 | D:3      | Paralysed by Grinder for 4 turns
  3830 | D:3      | Paralysed by Grinder for 3 turns
  3901 | D:3      | Paralysed by Grinder for 7 turns
  4040 | D:2      | Paralysed by Grinder for 7 turns
  4904 | D:4      | Noticed an ogre
  4966 | D:4      | Reached skill level 5 in Bows
  5057 | D:4      | Reached XP level 5. HP: 45/45 MP: 6/6
  5079 | D:4      | Killed an ogre
  5180 | D:3      | Reached skill level 6 in Bows
  5327 | D:4      | Reached XP level 6. HP: 52/52 MP: 7/7
  5732 | D:4      | Found a basalt altar of Yredelemnul.
  5852 | D:5      | Entered Level 5 of the Dungeon
  5901 | D:5      | Reached skill level 7 in Bows
  6136 | D:5      | Noticed an ice beast
  6225 | D:4      | Killed an ice beast
  6225 | D:4      | Reached skill level 5 in Fighting
  6225 | D:4      | Reached XP level 7. HP: 58/61 MP: 8/8
  6307 | D:5      | Noticed Sigmund
  7020 | D:5      | Reached skill level 8 in Bows
  7135 | D:5      | Found a staircase to the Ecumenical Temple.
  7143 | Temple   | Entered the Ecumenical Temple
  7372 | Temple   | Became a worshipper of Zin the Law-Giver
  7372 | Temple   | Reached * piety under Zin
  7773 | D:4      | Reached skill level 1 in Invocations
  8240 | D:6      | Noticed Prince Ribbit
  8683 | D:5      | HP: 3/63 [bullfrog (1)]
  8684 | D:5      | HP: 1/63 [bullfrog (3)]
  9195 | D:6      | Reached XP level 8. HP: 40/71 MP: 9/9
  9351 | D:6      | Noticed Duvessa
  9383 | D:5      | HP: 2/106 [Prince Ribbit (4)]
  9418 | D:5      | HP: 3/71 [bullfrog (2)]
  9419 | D:5      | HP: 1/71 [Prince Ribbit (2)]
  9419 | D:5      | Slain by a bullfrog

Vault maps used:
D:1:      zaba_arrival_water, serial_glass, glass_columns_c, glass_columns_a,
          glass_columns_a, glass_columns_a, glass_columns_c, glass_columns_c,
          glass_columns_a, glass_columns_a, glass_columns_b, glass_columns_a,
          glass_columns_c, glass_columns_a, glass_columns_c, glass_columns_a
D:2:      makhleb_altar_promises_db, uniq_crazy_yiuf_cottage, uniq_terence
D:3:      gammafunk_ghost_cemetery, first_ration, uniq_grinder
D:4:      lemuel_zombie_altar_yredelemnul
D:5:      minmay_temple_entry_nine_rooms, serial_corexii_hall,
          corexii_hall_statues_i, corexii_hall_statues_i, uniq_sigmund
D:6:      minmay_goblin_kobold_castle, portal_sewer_entry_d,
          lemuel_old_faithful, uniq_prince_ribbit1, uniq_duvessa
Temple:   dpeg_five_rooms_temple

Skill      XL: |  1  2  3  4  5  6  7 |
---------------+----------------------+-----
Bows           | 3 4 5 6 7 8 |  8.7
Fighting       | 2 3 4 5 6 |  6.4
Invocations    | 2 |  2.7
Dodging        | |  1.3
Spellcasting   | |  1.0
Hexes          | |  2.6

Action                   |  1- 3 |  4- 6 |  7- 9 || total
-------------------------+-------+-------+-------++-------
Melee: Short sword       |   102 |   119 |   160 ||   381
       Kick              |    10 |    20 |    32 ||    62
 Fire: Shortbow          |    69 |    85 |    74 ||   228
Evoke: Wand              |       |       |     4 ||     4
  Use: Scroll            |     3 |     2 |     6 ||    11
       Potion            |       |     1 |     2 ||     3
  Eat: Chunk             |     4 |     4 |       ||     8
       Ration            |       |     2 |     2 ||     4
Armor: Robe              |    31 |       |       ||    31
       Chain mail        |    69 |    92 |   100 ||   261
Dodge: Dodged            |    31 |    22 |    38 ||    91

Table legend:
 A = Non-vault XP
 B = Vault XP
 C = Vault XP percentage of total XP
 D = Non-vault monster count
 E = Vault monster count
 F = Vault count percentage of total count
                 A         B        C        D         E       F
            +---------+---------+-------+---------+---------+-------
      Total |    1476 |      54 |   3.5 |      91 |       8 |   8.1
            +---------+---------+-------+---------+---------+-------
        D:1 |      24 |      32 |  57.1 |      14 |       1 |   6.7
        D:2 |      50 |       0 |   0.0 |      19 |       0 |   0.0
        D:3 |      56 |       0 |   0.0 |      14 |       0 |   0.0
        D:4 |     644 |       2 |   0.3 |      16 |       2 |  11.1
        D:5 |     457 |       0 |   0.0 |      22 |       0 |   0.0
        D:6 |     245 |      20 |   7.5 |       6 |       5 |  45.5
            +---------+---------+-------+---------+---------+-------
